 Dungeon Crawl Stone Soup version 0.13.0-19-g8e0b589 (webtiles) character file.

503 Malachi the Chopper (level 6, 0/84 HPs)
             Began as a Deep Dwarf Berserker on Oct 24, 2013.
             Was a Priest of Trog.
             Killed from afar by Dowan (17 damage)
             ... with a shard of ice
             ... on Level 4 of the Dungeon.
             The game lasted 00:07:40 (2678 turns).

Malachi the Chopper (Deep Dwarf Berserker)          Turns: 2678, Time: 00:07:41

HP   0/84        AC  6     Str 28      XL: 6   Next: 26%
MP   5/5         EV 10     Int  7      God: Trog [***...]
Gold 172         SH  0     Dex 12      Spells:  0 memorised,  5 levels left

Res.Fire  : . . .   See Invis. : .   y - -2,-1 halberd (curse)
Res.Cold  : . . .   Warding    : .   h - +0 ring mail
Life Prot.: . . .   Conserve   : .   (no shield)
Res.Poison: +       Res.Corr.  : .   (no helmet)
Res.Elec. : .       Clarity    : .   m - +0 cloak
Sust.Abil.: . .     Spirit.Shd : .   (no gloves)
Res.Mut.  : +       Stasis     : .   (no boots)
Res.Rott. : .       Flight     : .   b - amulet of resist mutation
Saprovore : . . .                    (no ring)
                                     i - ring of poison resistance

@: non-regenerating, berserking, drained, very quick, somewhat resistant to
hostile enchantments, extremely unstealthy
A: damage resistance, recharge devices, sense surroundings 1, slow healing 3
a: Device Recharging, Burn Spellbooks, Berserk, Trog's Hand, Renounce Religion


You were on level 4 of the Dungeon.
You worshipped Trog.
Trog was most pleased with you.
You were very hungry.

You visited 1 branch of the dungeon, and saw 4 of its levels.

You collected 152 gold pieces.

Inventory:

Hand weapons
 a - a +1,+0 dwarven hand axe {=f}
 y - a cursed -2,-1 halberd (weapon)
Armour
 h - a +0 ring mail (worn)
 l - a +0 elven ring mail
 m - a +0 cloak (worn)
Magical devices
 c - a wand of heal wounds (4)
 r - a wand of lightning (3) {unknown}
Comestibles
 d - 4 bread rations
 j - a choko
 q - a beef jerky
 z - a rotting chunk of goblin flesh
 A - 3 chunks of gnoll flesh
 B - 6 grapes
 C - a rotting chunk of worker ant flesh
 D - 2 chunks of goblin flesh
Scrolls
 g - a scroll of fear
 t - 2 scrolls of identify
Jewellery
 b - an amulet of resist mutation (around neck)
 i - a ring of poison resistance (left hand)
Potions
 e - a potion of might {unknown}
 f - a potion of degeneration {unknown}
 k - a potion of heal wounds {unknown}
 n - 2 potions of curing {unknown}
 o - a potion of speed {unknown}
 p - a potion of magic {unknown}
 s - a potion of poison {unknown}


   Skills:
 - Level 2.6(2.3) Fighting
 * Level 7.6(7.2) Axes
 - Level 2.1(1.8) Armour
 - Level 2.1(1.8) Dodging
 + Level 1.5(1.2) Stealth


You had 5 spell levels left.
You didn't know any spells.

Dungeon Overview and Level Annotations

Branches:
Dungeon (4/27)
 Temple: D:4-7

Altars:

Annotations:
D:4 Dowan


Innate Abilities, Weirdness & Mutations

You are resistant to damage.
You can recharge devices by infusing magical energy.
You passively map a small area around you.
You do not heal naturally.


Message History

The giant eyeball stares at you.
You suddenly lose the ability to move!
Dowan hits you but does no damage.
You can move again.
You are too injured to fight recklessly!
Unknown command.
You are too injured to fight recklessly!
Unknown command.
You are too injured to fight recklessly!
Unknown command.
You slice Dowan!!
Dowan is almost dead.
Dowan hits you but does no damage.
You closely miss Dowan.
Dowan is almost dead.
Dowan gestures at you while chanting. The stone arrow hits you!
* * * LOW HITPOINT WARNING * * *
Dowan gestures at you while chanting. The shard of ice hits you!
You die...

,#............#####......
, *
#............'..##......
+....).......##..'.<....
,
#............#####......
, ####'######### #......
#..# #...... * ##.###
###'### #...## #....
###@)# ##### * * ##e# * #
#>.....G...# ###### ,
#..........# ...(...
+...e......# * .....). *
* #..........+ ,+...<...
..........# * #.......
,.......>.# *#######
........# ####.


You could see Dowan and a giant eyeball.

Vanquished Creatures
  Duvessa (D:4)
  A worker ant (D:3)
  Jessica (D:3)
  4 gnolls (D:4)
  9 adders
  A giant mite (D:2)
  2 worms (D:3)
  4 giant geckos
  2 oozes (D:3)
  An orc (D:3)
  6 bats
  5 giant cockroaches
  6 goblins
  7 hobgoblins
  10 jackals
  7 kobolds
  6 giant newts
  A quokka (D:2)
  6 rats
80 creatures vanquished.

Notes
Turn   | Place    | Note
--------------------------------------------------------------
     0 | D:1      | Malachi, the Deep Dwarf Berserker, began the quest for the Orb.
     0 | D:1      | Reached XP level 1. HP: 21/21 MP: 0/0
   288 | D:1      | Reached skill level 4 in Axes
   288 | D:1      | Reached XP level 2. HP: 22/28 MP: 1/1
   676 | D:2      | Reached XP level 3. HP: 20/34 MP: 2/2
   903 | D:2      | Acquired Trog's second power
   903 | D:2      | Reached skill level 5 in Axes
  1366 | D:3      | Noticed Jessica
  1370 | D:3      | Killed Jessica
  1370 | D:3      | Reached XP level 4. HP: 24/43 MP: 3/3
  1628 | D:3      | Reached skill level 6 in Axes
  2138 | D:3      | Reached XP level 5. HP: 22/49 MP: 4/4
  2547 | D:4      | Reached skill level 7 in Axes
  2561 | D:4      | Reached skill level 1 in Stealth
  2643 | D:4      | Noticed Duvessa
  2643 | D:4      | Noticed Dowan
  2643 | D:4      | Paralysed by a giant eyeball for 4 turns
  2652 | D:4      | Paralysed by a giant eyeball for 4 turns
  2672 | D:4      | Killed Duvessa
  2672 | D:4      | Reached XP level 6. HP: 28/56 MP: 5/5
  2672 | D:4      | Paralysed by a giant eyeball for 4 turns
  2678 | D:4      | Killed from afar by Dowan

Action                   |  1- 3 |  4- 6 || total
-------------------------+-------+-------++-------
Melee: Hand axe          |   113 |   173 ||   286
       Halberd           |       |    20 ||    20
Invok: Trog's Hand       |     1 |     5 ||     6
       Berserk           |       |     3 ||     3
Evoke: Wand              |       |     1 ||     1
  Use: Scroll            |     5 |     7 ||    12
